 Dungeon Crawl Stone Soup version 0.31-a0-971-g75a2e9a4b4 (webtiles) character file.

Game seed: 16105232255706054308

71 BinkBink the Changeling (level 4, -1/34 HPs)
             Began as a Merfolk Shapeshifter on Oct 28, 2023.
             Slain by Natasha (9 damage)
             ... on level 2 of the Dungeon.
             The game lasted 00:01:43 (1376 turns).

BinkBink the Changeling (Merfolk Shapeshifter)      Turns: 1376, Time: 00:01:44

Health: -1/34      AC:  2    Str: 16    XL:     4   Next: 24%
Magic:  4/4        EV: 13    Int:  9    God:
Gold:   139        SH:  0    Dex: 13    Spells: 3/3 levels left

rFire   . .          .
                       - Unarmed
rCold   . . .        (no shield)
rNeg    . . .        a - +0 animal skin
rPois   .            (helmet currently unavailable)
rElec   .            (cloak currently unavailable)
rCorr   .            (gloves currently unavailable)
SInv    .            (boots currently unavailable)
Will    .....        (no amulet)
Stlth   +            (no ring)
HPRegen 0.25/turn    (no ring)
MPRegen 0.09/turn

%: no passive effects
@: beast-form, slowed, very slow
A: beast (slay +2), (nimble swimmer 2), mertail
a: Begin Untransformation


You were on level 2 of the Dungeon.
You were a hulking beast.
You visited 1 branch of the dungeon, and saw 2 of its levels.

You collected 139 gold pieces.

Inventory:

Armour
 a - a +0 animal skin (worn)
Talismans
 c - a beast talisman (active)
 d - a flux talisman
Scrolls
 f - a scroll of identify {unknown}
 g - 3 scrolls of butterflies {unknown}
 i - a scroll of amnesia {unknown}
Potions
 b - a potion of lignification
 e - 2 potions of curing {unknown}
 h - a potion of berserk rage {unknown}


   Skills:
 + Level 2.3 Fighting
 + Level 3.7 Dodging
 + Level 3.9 Unarmed Combat
 + Level 4.6 Shapeshifting


You had 3 spell levels left.
You didn't know any spells.
Your spell library contained the following spells:

 Spells                   Type           Power      Damage    Failure   Level
 Cigotuvi's Dreadful Rot  Necr/Pois/Air  0%         N/A       52%         2
 Dazzling Flash           Conj/Hex       0%         N/A       77%         3
 Volatile Blastmotes      Fire/Tloc      0%         2d10      77%         3
 Dispel Undead            Necr           0%         3d6       99%         4
 Agony                    Necr           0%         N/A       100%        5
 Silence                  Hex/Air        0%         N/A       100%        5
 Death Channel            Necr           0%         N/A       100%        6
 Starburst                Conj/Fire      0%         6d3       100%        6
 Maxwell's Capacitive Co  Air            0%         ∞         100%        8


Dungeon Overview and Level Annotations

Branches:
Dungeon (2/15)

Altars:

Annotations:
D:2 Natasha


Innate Abilities, Weirdness & Mutations

You are a hulking beast.
Your limbs bulge with bestial killing power. (Slay +2)
((You are very nimble when in or above water. (Stealth+, EV+, Speed+++)))
Your lower body shifts to a powerful aquatic tail in water.


Message History

No target in view!
Found a mace.
i - a scroll labelled CUNOAGGI SECLOI A ball python comes into view.
The ball python hisses angrily.
You see here a +0 whip.
The ball python closely misses you. The ball python grabs you.
The ball python constricts you.
You hit the ball python.
You kill the ball python!
No target in view!
No target in view!
You now have 139 gold pieces (gained 7).
You see here a ball python corpse.
You see here a +0 mace.
You see here the +9 dagger of Courage {pain, Dex+3}.
Natasha is nearby!
Natasha hisses angrily.
Natasha misses you.
You closely miss Natasha.
Natasha stares at you and mumbles some strange words.
You feel yourself slow down.
You hit Natasha.
Natasha is moderately wounded.
Natasha claws you.
You barely miss Natasha.
Natasha is moderately wounded.
Natasha claws you!
You hit Natasha.
Natasha is severely wounded.
Natasha mewls in sadness.
Natasha claws you! x2
* * * LOW HITPOINT WARNING * * *
You are too injured to fight recklessly!
You are too injured to fight recklessly!
You hit Natasha.
Natasha is almost dead.
Natasha claws you!
You die...
Natasha begins licking her fur clean.

#.............#..####.....
#.........##.....### ...
#........##...)....# #.!..
####...............#.....
#...###..............#
##...# #..............#
#####....###...)...........
.
#.........##...............
#
#.........#.....h....#..##.
#
#..........^....h....#....
.##
#.........##...............
...
#......................#...
...
#####...#.............##
... #..##............## .h.
#..#............## ...
#.....#.........# .J.
#####..............#### ...


You could see Natasha.

Vanquished Creatures
  4 adders (D:2)
  2 dart slugs (D:1)
  5 endoplasms
  A giant cockroach (D:1)
  2 goblins
  3 hobgoblins
  2 kobolds (D:1)
  A quokka (D:1)
  7 ball pythons
  A bat (D:1)
  3 frilled lizards (D:1)
  2 rats
33 creatures vanquished.

Notes
Turn   | Place    | Note
-------+----------+-------------------------------------------
     0 | D:1      | BinkBink the Merfolk Shapeshifter began the quest for the
                  | Orb.
     0 | D:1      | Reached XP level 1. HP: 15/15 MP: 1/1
   282 | D:1      | Reached XP level 2. HP: 18/21 MP: 2/2
   851 | D:1      | Reached XP level 3. HP: 23/27 MP: 3/3
  1042 | D:2      | Noticed Natasha
  1239 | D:2      | Reached XP level 4. HP: 33/33 MP: 4/4
  1363 | D:2      | Identified the +9 dagger of Courage {pain, Dex+3}
  1376 | D:2      | Slain by Natasha

Illustrated notes

Levels and vault maps discovered:
D:1:      dpeg_cavernosity, layout_basic, hangedman_decor_points
D:2:      layout_rooms, chequers_serial_rivers_room_a, uniq_natasha

Skill      XL: |  1  2  3 |
---------------+----------+-----
Dodging        | 3 |  3.7
Fighting       | 2 |  2.3
Unarmed Combat | |  3.9
Shapeshifting  | |  4.6

Action                     |  1- 3 |  4- 6 || total
---------------------------+-------+-------++-------
  Melee: Unarmed           |    73 |    15 ||    88
         Punch             |     1 |       ||     1
   Stab: Sleeping          |     3 |       ||     3
 Armour: Animal skin       |    42 |     8 ||    50
  Dodge: Dodged            |    32 |     7 ||    39
   Form: Beast             |     1 |       ||     1

Table legend: (Time is in decaauts)
 A = Elapsed time spent in this place.
 B = Non-inter-level travel time spent in this place.
 C = Inter-level travel time spent in this place.
 D = Time resting spent in this place.
 E = Time spent auto-exploring this place.
 F = Levels seen in this place.
 G = Mean time per level.
                   A        B        C        D        E       F      G
               +--------+--------+--------+--------+--------+-----+--------+
         Total |   1366 |   1231 |    135 |     63 |    925 |   2 |  683.0 |
       Dungeon |   1366 |   1231 |    135 |     63 |    925 |   2 |  683.0 |
               +--------+--------+--------+--------+--------+-----+--------+

Top non-repeatable levels by time:
     D:1: 1135 daAuts
     D:2: 230 daAuts
